 Dungeon Crawl Stone Soup version 0.31-a0-331-geda263fcf1 (webtiles) character file.

Game seed: 9910702545458714321

64 arthad the Fighter (level 4, -2/45 HPs)
             Began as a Gnoll Wanderer on July 20, 2023.
             Slain by Crazy Yiuf
             ... wielding a +4 quarterstaff of chaos
              (13 damage)
             ... on level 2 of the Dungeon.
             The game lasted 00:07:15 (2157 turns).

arthad the Fighter (Gnoll Wanderer)                 Turns: 2157, Time: 00:07:16

Health: -2/45      AC:  8    Str: 21    XL:     4   Next: 12%
Magic:  11/11      EV: 17    Int:  8    God:
Gold:   98         SH:  7    Dex: 13    Spells: 13/13 levels left

rFire   . . .        t - +1 dagger (elec)
rCold   . . .        f - +2 buckler
rNeg    . . .        e - +0 leather armour
rPois   .            c - +0 helmet
rElec   .            (no cloak)
rCorr   .            (no gloves)
SInv    .            (no boots)
Will    .....        s - amulet of regeneration
Stlth   +            m - +6 ring of strength
HPRegen 1.07/turn    x - +4 ring of protection
MPRegen 0.12/turn

%: no passive effects
@: mighty, agile, lethally poisoned (-2 -> -4)
A: fangs 1, strong nose, distributed training
a: no special abilities


You were on level 2 of the Dungeon.
You visited 1 branch of the dungeon, and saw 2 of its levels.

You collected 98 gold pieces.

Inventory:

Hand Weapons
 a - a +0 dagger
 n - a +3 sling
 t - a +1 dagger of electrocution (weapon)
 w - a +1 short sword of venom
Missiles
 q - 3 javelins
 r - 5 datura-tipped darts (quivered)
Armour
 c - a +0 helmet (worn)
 e - a +0 leather armour (worn)
 f - a +2 buckler (worn)
 u - the crystal ball of Wucad Mu {*channel}
   (You found it on level 2 of the Dungeon)

   *Channel:  It often returns the magic spent to cast spells, but lowers their
   success rate.
   It always returns the magic spent on miscasts.
Magical Staves
 y - a staff of conjuration
Jewellery
 m - a +6 ring of strength (left hand)
 s - an amulet of regeneration (around neck)
 x - a +4 ring of protection (right hand)
 A - a ring of poison resistance
Scrolls
 b - a scroll of vulnerability
 g - a scroll of amnesia {unknown}
 i - a scroll of fog {unknown}
 k - 4 scrolls of identify {unknown}
 l - a scroll of noise {unknown}
 o - a scroll of teleportation {unknown}
 B - a scroll of revelation {unknown}
Potions
 d - a potion of lignification
 h - a potion of might
 j - a potion of heal wounds {unknown}
 p - a potion of cancellation {unknown}
 v - a potion of degeneration {unknown}
 z - a potion of brilliance {unknown}


   Skills:
 + Level 8.5 Fighting
 + Level 1.0 Short Blades
 + Level 1.0 Long Blades
 + Level 1.0 Axes
 + Level 1.0 Maces & Flails
 + Level 1.0 Polearms
 + Level 1.0 Staves
 + Level 1.0 Ranged Weapons
 + Level 2.7 Throwing
 + Level 1.0 Armour
 + Level 2.7 Dodging
 + Level 1.0 Stealth
 + Level 4.6 Shields
 + Level 1.0 Unarmed Combat
 + Level 5.0 Spellcasting
 + Level 0.8 Conjurations
 + Level 0.8 Hexes
 + Level 0.8 Summonings
 + Level 0.8 Necromancy
 + Level 0.8 Translocations
 + Level 0.8 Transmutations
 + Level 0.8 Fire Magic
 + Level 0.8 Ice Magic
 + Level 0.8 Air Magic
 + Level 0.8 Earth Magic
 + Level 0.8 Poison Magic
 + Level 1.1 Invocations
 + Level 1.0 Evocations
 + Level 0.8 Shapeshifting


You had 13 spell levels left.
You didn't know any spells.
Your spell library contained the following spells:

 Spells                   Type           Power      Damage    Failure   Level
 Ignite Poison            Fire/Tmut/Pois 3%         N/A       61%         3
 Sticky Flame             Conj/Fire      3%         2d3       95%         4
 Ignition                 Fire           1%         3d3       100%        8


Dungeon Overview and Level Annotations

Branches:
Dungeon (2/15)

Altars:

Annotations:
D:2 Crazy Yiuf


Innate Abilities, Weirdness & Mutations

You have very sharp teeth.
Your uncanny sense of smell can sniff out nearby items.
Your experience applies equally to all skills.


Message History

You closely miss Crazy Yiuf.
Crazy Yiuf says, "Orb!
Adder arm sow."
Crazy Yiuf barely misses you.
You hit Crazy Yiuf but do no damage.
Crazy Yiuf hits you with a +4 quarterstaff of chaos!
You feel agile all of a sudden.
You hit Crazy Yiuf but do no damage. Crazy Yiuf barely misses you.
You hit Crazy Yiuf. Lightning courses through Crazy Yiuf!
Crazy Yiuf is severely wounded.
Crazy Yiuf barely misses you.
You barely miss Crazy Yiuf.
Crazy Yiuf is severely wounded.
Crazy Yiuf hits you with a +4 quarterstaff of chaos!
You hit Crazy Yiuf.
Crazy Yiuf is severely wounded.
Crazy Yiuf hits you with a +4 quarterstaff of chaos.
You are poisoned.
You closely miss Crazy Yiuf.
Crazy Yiuf is severely wounded.
You feel very sick.
Crazy Yiuf zaps a wand.
The puff of flame hits you!
You are too injured to fight recklessly!
You are too injured to fight recklessly!
You are too injured to fight recklessly!
You are too injured to fight recklessly!
You are too injured to fight recklessly!
You are too injured to fight recklessly!
You are too injured to fight recklessly!
It was a potion of might.
You feel very mighty all of a sudden.
You feel very sick. Crazy Yiuf completely misses you.
You barely miss Crazy Yiuf. Your bite misses Crazy Yiuf.
Crazy Yiuf is severely wounded.
You feel sick. You block Crazy Yiuf's attack.
You barely miss Crazy Yiuf.
Crazy Yiuf is severely wounded.
You feel sick.
Crazy Yiuf hits you with a +4 quarterstaff of chaos!
You die...

.# #.# #..# #.#......##....
.#######.####..####.#.#.#..#...#.
...........................#.<...
.########################..#..._.
.## #...#.#... ..#######
##......<. ........##♣♣ ###
#.#..#.... ..#####.#..♣♣ ♣♣#..)#
#....##### ............♣♣♣♣@g...#
#......... ..#####......♣..♣#...#
###.#..... ..# #.#...♣.♣♣♣ ###
#.#.#### ..# #.##♣♣♣♣♣ #.#.# #.#
#.# #.#.#### #.# #.# #### ###
#....... #.#####.#####..######.#
###.#### #.....................#
#..... #.###########.#########
#.####


You could see Crazy Yiuf.

Vanquished Creatures
  An adder (D:2)
  2 dart slugs (D:1)
  3 ball pythons (D:1)
  4 endoplasms
  A giant cockroach (D:2)
  7 hobgoblins
  4 kobolds
  2 quokkas
  7 bats
  3 frilled lizards (D:2)
  7 goblins
  5 rats
46 creatures vanquished.

Notes
Turn   | Place    | Note
-------+----------+-------------------------------------------
     0 | D:1      | arthad the Gnoll Wanderer began the quest for the Orb.
     0 | D:1      | arthad set off with the following items: a +0 dagger, a
                  | scroll of vulnerability, a +0 helmet, a potion of
                  | lignification, a +0 leather armour, a +2 buckler.
     0 | D:1      | Reached XP level 1. HP: 26/26 MP: 6/6
   202 | D:1      | Reached XP level 2. HP: 26/33 MP: 7/7
   556 | D:1      | Reached skill level 5 in Spellcasting
   556 | D:1      | Reached XP level 3. HP: 36/38 MP: 7/9
  1183 | D:2      | Found a faded altar of an unknown god.
  1262 | D:2      | Reached skill level 1 in Invocations
  1264 | D:2      | Found the crystal ball of Wucad Mu {*channel}
  1331 | D:2      | Reached skill level 1 in Short Blades
  1331 | D:2      | Reached skill level 1 in Long Blades
  1331 | D:2      | Reached skill level 1 in Axes
  1331 | D:2      | Reached skill level 1 in Maces & Flails
  1331 | D:2      | Reached skill level 1 in Polearms
  1331 | D:2      | Reached skill level 1 in Staves
  1331 | D:2      | Reached skill level 1 in Ranged Weapons
  1331 | D:2      | Reached skill level 1 in Armour
  1331 | D:2      | Reached skill level 1 in Stealth
  1331 | D:2      | Reached skill level 1 in Unarmed Combat
  1331 | D:2      | Reached skill level 1 in Evocations
  1411 | D:2      | Reached XP level 4. HP: 45/45 MP: 11/11
  1838 | D:2      | Found a runed translucent door.
  1839 | D:2      | Noticed Crazy Yiuf
  2157 | D:2      | Slain by Crazy Yiuf

Illustrated notes

Levels and vault maps discovered:
D:1:      evilmike_arrival_rings, layout_loops_corners,
          grunt_decor_mini_mirrors, reono_crystal_passage, minivault_11,
          ebering_dispersal_statue_hall
D:2:      minmay_diamond_boxcup, layout_basic, nicolae_ecumenical_pavilion,
          minmay_3d_cube, uniq_crazy_yiuf_cottage

Skill      XL: |  1  2  3 |
---------------+----------+-----
Spellcasting   | 5 |  5.0
Invocations    | 1 |  1.1
Short Blades   | 1 |  1.0
Long Blades    | 1 |  1.0
Axes           | 1 |  1.0
Maces & Flails | 1 |  1.0
Polearms       | 1 |  1.0
Staves         | 1 |  1.0
Ranged Weapons | 1 |  1.0
Armour         | 1 |  1.0
Stealth        | 1 |  1.0
Unarmed Combat | 1 |  1.0
Evocations     | 1 |  1.0
Fighting       | |  8.5
Throwing       | |  2.7
Dodging        | |  2.7
Shields        | |  4.6
Conjurations   | |  0.8
Hexes          | |  0.8
Summonings     | |  0.8
Necromancy     | |  0.8
Translocations | |  0.8
Transmutations | |  0.8
Fire Magic     | |  0.8
Ice Magic      | |  0.8
Air Magic      | |  0.8
Earth Magic    | |  0.8
Poison Magic   | |  0.8
Shapeshifting  | |  0.8

Action                     |  1- 3 |  4- 6 || total
---------------------------+-------+-------++-------
  Melee: Dagger            |   138 |    33 ||   171
         Bite              |    15 |     6 ||    21
    Use: Potion            |       |     1 ||     1
   Stab: Sleeping          |     2 |       ||     2
 Armour: Leather armour    |    20 |    13 ||    33
  Dodge: Dodged            |    56 |    17 ||    73
  Block: Buckler           |    47 |    12 ||    59

Table legend: (Time is in decaauts)
 A = Elapsed time spent in this place.
 B = Non-inter-level travel time spent in this place.
 C = Inter-level travel time spent in this place.
 D = Time resting spent in this place.
 E = Time spent auto-exploring this place.
 F = Levels seen in this place.
 G = Mean time per level.
                   A        B        C        D        E       F      G
               +--------+--------+--------+--------+--------+-----+--------+
         Total |   2156 |   2107 |     49 |      0 |   1739 |   2 | 1078.0 |
       Dungeon |   2156 |   2107 |     49 |      0 |   1739 |   2 | 1078.0 |
               +--------+--------+--------+--------+--------+-----+--------+

Top non-repeatable levels by time:
     D:1: 1184 daAuts
     D:2: 972 daAuts
